 Dungeon Crawl Stone Soup version 0.27-a0-797-g27d10ad80f (webtiles) character file.

Game seed: 702916064231502465

21 wakim the Skirmisher (level 2, -4/19 HPs)
             Began as a Gargoyle Berserker on Mar 27, 2021.
             Was a Follower of Trog.
             Slain by a goblin
             ... wielding a +0 club
             ... led by Robin
              (5 damage)
             ... on level 2 of the Dungeon.
             The game lasted 00:02:32 (1012 turns).

wakim the Skirmisher (Gargoyle Berserker)           Turns: 1012, Time: 00:02:32

Health: -4/19      AC: 10    Str: 20    XL:     2   Next: 87%
Magic:  2/2        EV: 10    Int:  7    God:    Trog [*.....]
Gold:   26         SH:  0    Dex:  9    Spells: 1/1 levels left

rFire    . . .     SeeInvis .   a - +0 mace {mace}
rCold    . . .     Faith    .   (no shield)
rNeg     + . .     Spirit   .   g - +1 scale mail
rPois    ∞         Reflect  .   (no helmet)
rElec    +         Harm     .   (no cloak)
rCorr    .         Rampage  .   (no gloves)
Will     .....                  (no boots)
Stlth    ..........             (no amulet)
HPRegen  0.06/turn              (no ring)
MPRegen  0.08/turn              (no ring)

@: no status effects
A: AC +2, negative energy resistance 1, electricity resistance, torment
resistance 1, unbreathing 1, petrification resistance
a: Renounce Religion, Berserk


You were on level 2 of the Dungeon.
You worshipped Trog.
Trog was aware of your devotion.
You visited 1 branch of the dungeon, and saw 2 of its levels.

You collected 26 gold pieces.


Innate Abilities, Weirdness & Mutations

Your stone body is resilient. (AC +2)
You are immune to poison.
You resist negative energy. (rN+)
You are resistant to electric shocks. (rElec)
You are resistant to unholy torment.
You can survive without breathing.
You are immune to petrification.


   Skills:
 + Level 3.5 Fighting
 * Level 3.4 Maces & Flails
 + Level 2.5 Armour
 + Level 1.8 Dodging


You had one spell level left.
You didn't know any spells.
Your spell library was empty.

Inventory:

Hand Weapons
 a - a +0 mace (weapon) {mace}
Missiles
 d - 21 bolts
 e - 30 stones {throwing}
Armour
 g - a +1 scale mail (worn)
   (You found it on level 1 of the Dungeon)
Potions
 b - a potion of degeneration {unknown}
 c - a potion of flight {unknown}
 f - a potion of ambrosia
 h - a potion of lignification {unknown}
 i - a potion of berserk rage {unknown}

Dungeon Overview and Level Annotations

Branches:
Dungeon (2/15)

Altars:

Annotations:
D:2 Robin

### #.# .####
#.#############
.!....######.............#
#.)g)g........######.#
#.g##g##.#.......# #.#
#....g@..#.......###.#
#...#......#.#.......#
#......#....<...######
....#.#.#.....#..#
..>..........<....#
##.######...#....## ..
#.....#### #...#.# #.....#


You could see Robin, 2 hobgoblins and 2 goblins.


Message History

Robin of the Strong Arm comes into view.
They are wielding a +5 club.
A hobgoblin comes into view.
Robin shouts!
The hobgoblin shouts!
You hear a shout!
The hobgoblin hits you but does no damage.
A goblin comes into view. It is wielding a +0 club.
The hobgoblin moves out of view.
You hear a shout! x2
The goblin shouts!
You hit the hobgoblin. The hobgoblin closely misses you.
A goblin comes into view. It is wielding a +0 club.
A goblin comes into view. It is wielding a +0 dagger.
You sock the hobgoblin!
You kill the hobgoblin!
Trog accepts your kill.
The hobgoblin hits you but does no damage.
A goblin comes into view. It is wielding a +0 club.
The goblin unwields a +0 club.
The goblin wields a +0 hunting sling.
The goblin shoots a stone.
The stone closely misses you.
You barely miss the hobgoblin.
The goblin shouts!
The hobgoblin barely misses you.
The goblin shoots a stone.
The stone hits you but does no damage.
You hit the hobgoblin. The hobgoblin barely misses you.
The goblin shoots a stone.
The stone misses you.
The hobgoblin hits you but does no damage.
Robin throws the goblin at you!
You barely miss the hobgoblin.
The goblin shoots a stone.
The stone hits you but does no damage. The goblin hits you with a +0 club.
The hobgoblin hits you but does no damage.
The goblin shoots a stone.
The stone hits you but does no damage.
You hit the hobgoblin.
You kill the hobgoblin!
Trog accepts your kill. The goblin barely misses you.
Robin throws the goblin at you!
The goblin shoots a stone.
The stone hits you but does no damage.
You sock the goblin!
You kill the goblin!
Trog accepts your kill. The goblin barely misses you.
Robin throws the goblin at you!
The goblin shoots a stone.
The stone hits you.
You thump the goblin!
You kill the goblin!
Trog accepts your kill. The goblin hits you but does no damage.
Robin throws the goblin at you!
The goblin unwields a +0 hunting sling.
The goblin wields a +0 club.
The goblin barely misses you.
A hobgoblin comes into view.
The goblin hits you but does no damage.
Robin roars a battlecry!
The goblins go into a battle-frenzy!
The hobgoblin shouts!
You hit the goblin.
You kill the goblin!
Trog accepts your kill. The goblin hits you with a +0 club.
A goblin comes into view. It is wielding a +0 club.
You are too injured to fight recklessly!
You are too injured to fight recklessly!
You are too injured to fight recklessly!
You are too injured to fight recklessly!
You are too injured to fight recklessly!
You are too injured to fight recklessly!
You are too injured to fight recklessly! 😮 HP[-5]
You take 5 damage, and now have 14/19 hp.
MASSIVE DAMAGE!! (PAUSE)
The goblin shouts!
You hit the goblin. The goblin barely misses you.
Robin throws the goblin at you! 😕 HP[+1]
You hit the goblin but do no damage. The goblin hits you with a +0 club.
The goblin barely misses you. The goblin hits you but does no damage.
The goblin closely misses you. 😮 HP[-1]
You take 1 damage, and now have 14/19 hp.
You barely miss the goblin. The goblin completely misses you.
The goblin hits you but does no damage.
You closely miss the goblin. The goblin hits you with a +0 club.
The goblin misses you. 😮 HP[-1]
You take 1 damage, and now have 13/19 hp.
You barely miss the goblin. The goblin hits you with a +0 club.
The goblin barely misses you. The hobgoblin hits you!
* * * LOW HITPOINT WARNING * * *
😱 HP[-10]
You take 10 damage, and now have 3/19 hp.
MASSIVE DAMAGE!! (PAUSE)
You aren't carrying any scrolls.
You hit the goblin.
You kill the goblin!
Trog accepts your kill. The goblin hits you with a +0 club.
* * * LOW HITPOINT WARNING * * *
The hobgoblin closely misses you.
The goblin hits you but does no damage. 😱 HP[-2]
You take 2 damage, and now have 1/19 hp.
Items here: ( )) †.
Robin throws the goblin at you! The goblin hits you with a +0 club.
You die...

Action                   || total
-------------------------++-------
Melee: Mace              ||    61
  Use: Scroll            ||     2
Armor: Scale mail        ||    46
       Animal skin       ||     3
Dodge: Dodged            ||    59

Levels and vault maps discovered:
D:1:      mainiacjoe_arrival_reflecting_pool, layout_loops_ring,
          bh_walls_and_bars
D:2:      layout_basic, nicolae_ru_sacrificial_ziggurat,
          nicolae_overflow_crystal_walls, minmay_misc_feat_roman,
          minmay_misc_feat_iff, chequers_big_river, minmay_circle_x,
          uniq_sigmund, uniq_robin

Notes
Turn   | Place    | Note
-------+----------+-------------------------------------------
     0 | D:1      | wakim the Gargoyle Berserker began the quest for the Orb.
     0 | D:1      | Reached XP level 1. HP: 14/14 MP: 1/1
     0 | D:1      | magus.rc [v1.9.6]
   561 | D:1      | Reached XP level 2. HP: 19/19 MP: 2/2
   993 | D:2      | Noticed Robin
  1008 | D:2      | HP: 3/19 [hobgoblin[Robin] (8)]
  1009 | D:2      | HP: 1/19 [goblin/+0 club[Robin] (2)]
  1012 | D:2      | Slain by a goblin

Vanquished Creatures
  A ball python (D:1)
  A giant cockroach (D:1)
  7 goblins
  3 hobgoblins
  5 bats (D:1)
  A frilled lizard (D:1)
  A rat (D:1)
19 creatures vanquished.

Table legend:
 A = Non-vault XP
 B = Vault XP
 C = Vault XP percentage of total XP
 D = Non-vault monster count
 E = Vault monster count
 F = Vault count percentage of total count
                 A         B        C        D         E       F
            +---------+---------+-------+---------+---------+-------
      Total |      21 |      10 |  32.3 |      13 |       6 |  31.6
            +---------+---------+-------+---------+---------+-------
        D:1 |      21 |       0 |   0.0 |      13 |       0 |   0.0
        D:2 |       0 |      10 | 100.0 |       0 |       6 | 100.0
            +---------+---------+-------+---------+---------+-------

Illustrated notes

Table legend:
 A = Kills in this place as a percentage of kills in entire the game.
 B = Kills by you in this place as a percentage of kills by you in the entire game.
 C = Kills by friends in this place as a percentage of kills by friends in the entire game.
 D = Other kills in this place as a percentage of other kills in the entire game.
 E = Experience gained in this place as a percentage of experience gained in the entire game.
 F = Experience gained in this place divided by the number of levels of this place that you have seen.
                   A       B       C       D       E      F
               +-------+-------+-------+-------+-------+----------------------
         Total | 100.0 | 100.0 |   N/A |   N/A | 100.0 |  15.5
       Dungeon | 100.0 | 100.0 |   N/A |   N/A | 100.0 |  15.5
               +-------+-------+-------+-------+-------+----------------------

Table legend: (Time is in decaauts)
 A = Elapsed time spent in this place.
 B = Non-inter-level travel time spent in this place.
 C = Inter-level travel time spent in this place.
 D = Time resting spent in this place.
 E = Time spent auto-exploring this place.
 F = Levels seen in this place.
 G = Mean time per level.
                   A        B        C        D        E       F      G
               +--------+--------+--------+--------+--------+-----+--------+
         Total |   1027 |    935 |     92 |      0 |    756 |   2 |  513.5 |
       Dungeon |   1027 |    935 |     92 |      0 |    756 |   2 |  513.5 |
               +--------+--------+--------+--------+--------+-----+--------+

Top non-repeatable levels by time:
     D:1: 975 daAuts
     D:2: 51 daAuts
